 Dungeon Crawl Stone Soup version 0.32-a0-791-gfc315c9ecd (webtiles) character file.

Game seed: 13437109399987444573

76 Griffin23 the Covered (level 4, 0/41 HPs)
             Began as a Minotaur Fighter on Mar 20, 2024.
             Succumbed to an adder's poison
             ... on level 2 of the Dungeon.
             The game lasted 00:01:00 (808 turns).

Griffin23 the Covered (Minotaur Fighter)             Turns: 808, Time: 00:01:01

Health: 0/41       AC:  7    Str: 22    XL:     4   Next: 12%
Magic:  3/3        EV:  8    Int:  5    God:
Gold:   55         SH:  4    Dex: 10    Spells: 3/3 levels left

rFire   . . .        a - +0 long sword
rCold   . . .        c - +0 buckler
rNeg    . . .        b - +0 scale mail
rPois   .            (helmet restricted)
rElec   .            (no cloak)
rCorr   .            (no gloves)
SInv    .            (no boots)
Will    .....        (no amulet) Stlth
                     (no ring)
HPRegen 0.26/turn    (no ring)
MPRegen 0.08/turn

%: no passive effects
@: brilliant, lethally poisoned (0 -> -8)
A: horns 2, retaliatory headbutt
a: no special abilities


You were on level 2 of the Dungeon.
You visited 1 branch of the dungeon, and saw 2 of its levels.

You collected 55 gold pieces.

Inventory:

Hand Weapons
 a - a +0 long sword (weapon)
Armour
 b - a +0 scale mail (worn)
 c - a +0 buckler (worn)
Jewellery
 i - the ring of Guong {rF+ rN+ Will+ rCorr}
   (You found it on level 2 of the Dungeon)

   [ring of protection from fire]

   rF+:       It protects you from fire.
   rN+:       It protects you from negative energy.
   Will+:     It increases your willpower.
   rCorr:     It protects you from acid and corrosion.
Scrolls
 e - 3 scrolls of identify {unknown}
 f - a scroll of fear {unknown}
 g - a scroll of enchant armour {unknown}
Potions
 d - 2 potions of might
 h - a potion of brilliance


   Skills:
 + Level 4.3 Fighting
 + Level 3.4 Long Blades
 + Level 4.3 Armour
 + Level 4.3 Shields


You had 3 spell levels left.
You didn't know any spells.
Your spell library was empty.

Dungeon Overview and Level Annotations

Branches:
Dungeon (2/15)

Altars:


Innate Abilities, Weirdness & Mutations

You have a pair of horns on your head.
You reflexively headbutt those who attack you in melee.


Message History

The adder bites you but does no damage. The kobold barely misses you.
You furiously retaliate!
You headbutt the kobold.
You kill the kobold!
The adder bites you but does no damage. x2
You barely miss the ribbon worm. The adder bites you.
You are poisoned.
The adder poisons you! You block the ribbon worm's attack.
The adder bites you but does no damage.
You barely miss the ribbon worm. You headbutt the ribbon worm!
The ribbon worm is heavily wounded.
You feel very sick. The adder bites you but does no damage.
The adder barely misses you. You furiously retaliate!
You headbutt the adder. The ribbon worm bites you! The adder bites you.
* * * LOW HITPOINT WARNING * * *
You block the adder's attack.
You hit the adder.
You kill the adder!
You feel sick. The adder bites you but does no damage.
The ribbon worm bites you.
* * * LOW HITPOINT WARNING * * *
The adder bites you.
* * * LOW HITPOINT WARNING * * *
You have reached level 4!
You feel agile.
You hit the adder. Your headbutt misses the adder.
The adder is heavily wounded.
You feel sick.
The ribbon worm expels a string of sticky webbing.
The stream of webbing hits you but does no damage.
You are caught in a web!
The adder bites you but does no damage.
The web tears apart.
You feel sick. The adder bites you.
* * * LOW HITPOINT WARNING * * *
You are more poisoned.
The adder poisons you!
The ribbon worm expels a string of sticky webbing.
The stream of webbing misses you.
It was a potion of brilliance.
You feel clever all of a sudden.
You die...

..................
.........#........ #
#.......#........
..####.......#........
..w..#..............##
...........(........#
#...................#
####.###w............#
......†@#.############
.>....)S..#
........### .........
......... ..........
.......... ###########


You could see a ribbon worm (catching breath) and an adder.

Vanquished Creatures
  4 adders (D:2)
  A dart slug (D:2)
  5 bats
  3 endoplasms
  2 giant cockroaches
  3 goblins
  A hobgoblin (D:1)
  6 jackals
  A quokka (D:2)
  2 ball pythons
  A frilled lizard (D:1)
  3 kobolds
  4 rats
36 creatures vanquished.

Notes
Turn   | Place    | Note
-------+----------+-------------------------------------------
     0 | D:1      | Griffin23 the Minotaur Fighter began the quest for the Orb.
     0 | D:1      | Reached XP level 1. HP: 19/19 MP: 0/0
   178 | D:1      | Reached XP level 2. HP: 27/27 MP: 1/1
   618 | D:2      | Identified the ring of Guong {rF+ rN+ Will+ rCorr}
   635 | D:2      | Reached XP level 3. HP: 27/33 MP: 2/2
   806 | D:2      | Reached XP level 4. HP: 5/41 MP: 3/3
   807 | D:2      | HP: 2/41 [adder (2)]
   808 | D:2      | Succumbed to an adder's poison

Illustrated notes

Levels and vault maps discovered:
D:1:      psy_arrival_whirlpool, layout_loops_ring, serial_bayou_pond_a
D:2:      layout_basic, shapermc_ecumenical_altar_rom_forum, grunt_ministairs_9,
          minivault_25, kennysheep_nondescript

Skill      XL: |  1  2 |
---------------+-------+-----
Fighting       | 4 |  4.3
Armour         | 4 |  4.3
Shields        | 4 |  4.3
Long Blades    | 3 |  3.4

Action                     |  1- 3 |  4- 6 || total
---------------------------+-------+-------++-------
  Melee: Long sword        |    88 |     1 ||    89
         Headbutt          |    13 |       ||    13
    Use: Potion            |       |     1 ||     1
 Armour: Scale mail        |    98 |     2 ||   100
  Dodge: Dodged            |    59 |     1 ||    60
  Block: Buckler           |    26 |       ||    26

Table legend: (Time is in decaauts)
 A = Elapsed time spent in this place.
 B = Non-inter-level travel time spent in this place.
 C = Inter-level travel time spent in this place.
 D = Time resting spent in this place.
 E = Time spent auto-exploring this place.
 F = Levels seen in this place.
 G = Mean time per level.
                   A        B        C        D        E       F      G
               +--------+--------+--------+--------+--------+-----+--------+
         Total |    833 |    802 |     31 |      0 |    609 |   2 |  416.5 |
       Dungeon |    833 |    802 |     31 |      0 |    609 |   2 |  416.5 |
               +--------+--------+--------+--------+--------+-----+--------+

Top non-repeatable levels by time:
     D:1: 566 daAuts
     D:2: 267 daAuts
